Map: Abyssal Reef LE

Players

Rogue - Winner!

  • Race: Zerg Zerg
  • Spawn Location: 11:00

ByuN

  • Race: Terran Terran
  • Spawn Location: 5:00

VOD

Have the link to the VOD?

Description

Time

  • Played on: July 29, 2017, 11:36 p.m.
  • Length: 17:43
Show
View Real Time Build Order
Export as new Build Order

Rogue Zerg - Winner!

Build Orders: Pool First, Muta Ling Bane 

Get SALT Encoding   

  12  0:00  Drone  
  13  0:12  Overlord  
  13  0:17  Drone  
  14  0:32  Drone x2  
  16  0:35  Drone  
  17  0:46  Extractor, Drone  
  17  0:50  Spawning Pool  
  17  0:56  Drone  
  17  1:06  Drone  
  18  1:18  Hatchery  
  17  1:21  Drone  
  18  1:36  Queen  
  18  1:37  Zergling x2  
  21  1:46  Metabolic Boost  
  21  1:51  Overlord  
  21  1:54  Drone  
  22  2:12  Drone x2  
  22  2:13  Queen  
  26  2:22  Drone  
  27  2:30  Queen  
  27  2:31  Zergling x2  
  27  2:33  Drone  
  31  2:43  Overlord  
  31  2:45  Extractor  
  31  2:46  Drone x2  
  31  2:47  Drone  
  34  2:59  Drone x2  
  34  3:04  Drone x2  
  38  3:11  Drone  
  39  3:22  Hatchery  
  39  3:26  Drone x4  
  42  3:29  Drone x2  
  44  3:36  Overlord  
  44  3:37  Evolution Chamber  
  44  3:38  Drone  
  44  3:44  Overlord  
  44  3:54  Overlord  
  44  3:57  Drone x2  
  44  3:58  Drone  
  44  4:00  Drone x2  
  44  4:01  Drone x2  
  44  4:02  Queen  
  51  4:04  Zerg Ground Armor Level 1  
  51  4:09  Overlord  
  53  4:13  Queen  
  55  4:17  Zergling x2  
  55  4:18  Zergling x4  
  55  4:20  Zergling x2  
  59  4:25  Spore Crawler, Drone  
  59  4:27  Spore Crawler  
  59  4:29  Zergling x2  
  59  4:33  Queen  
  59  4:34  Zergling x2  
  59  4:35  Zergling x2  
  63  4:41  Drone x4  
  63  4:43  Drone  
  63  4:44  Drone  
  70  4:45  Drone  
  70  4:51  Queen  
  72  4:54  Overlord  
  72  4:57  Drone  
  72  4:59  Overlord  
  72  5:06  Lair, Overlord x2  
  67  5:15  Zergling x12  
  67  5:20  Drone x3  
  76  5:21  Drone  
  76  5:23  Drone  
  76  5:28  Drone x3  
  81  5:31  Zergling x4  
  81  5:34  Queen  
  85  5:36  Queen  
  85  5:38  Zergling x2  
  88  5:47  Baneling Nest, Extractor, Drone  
  88  5:48  Extractor, Drone x5  
  90  5:51  Overlord  
  90  5:54  Zergling x4  
  92  6:04  Drone  
  88  6:15  Drone x3  
  88  6:16  Drone  
  88  6:18  Drone x3  
  88  6:19  Drone x6  
  88  6:21  Extractor  
  88  6:23  Zerg Melee Weapons Level 1  
  95  6:26  Evolution Chamber  
  95  6:27  Extractor  
  95  6:28  Extractor  
  95  6:30  Overseer  
  95  6:31  Overlord  
  95  6:32  Drone x2  
  94  6:35  Spire  
  94  6:39  Drone  
  94  6:40  Hatchery  
  94  6:42  Drone x2  
  95  6:53  Overlord  
  94  6:54  Centrifical Hooks  
  95  7:01  Drone x2  
  95  7:02  Zergling x18  
  105  7:08  Hatchery  
  105  7:10  Baneling x2  
  105  7:11  Baneling x6  
  105  7:13  Zergling x4  
  105  7:14  Zergling x2  
  107  7:20  Drone x2  
  109  7:23  Baneling x2  
  109  7:26  Zerg Ground Armor Level 2  
  109  7:33  Zergling x20  
  119  7:40  Overlord  
  119  7:41  Drone x2  
  115  8:02  Mutalisk x6  
  115  8:04  Drone x9  
  136  8:07  Extractor  
  136  8:12  Overlord  
  135  8:17  Overlord  
  135  8:19  Queen  
  135  8:20  Overlord  
  135  8:24  Queen  
  135  8:26  Mutalisk  
  135  8:27  Mutalisk  
  137  8:28  Overlord  
  137  8:31  Overlord  
  139  8:35  Drone x7  
  139  8:38  Mutalisk x4  
  139  8:41  Zergling x4  
  156  8:47  Baneling  
  156  8:48  Baneling x6  
  155  8:50  Zergling x12  
  159  8:59  Mutalisk x2  
  159  9:02  Zergling x10  
  166  9:07  Zerg Melee Weapons Level 2  
  166  9:12  Extractor  
  166  9:13  Infestation Pit  
  166  9:15  Overseer  
  164  9:18  Zergling x2  
  164  9:19  Zergling x24  
  164  9:20  Overlord  
  177  9:27  Mutalisk  
  177  9:28  Mutalisk  
  177  9:30  Mutalisk  
  179  9:45  Zergling x20  
  180  9:46  Zergling x8  
  180  9:49  Baneling x3  
  180  9:50  Baneling x4, Overlord  
  180  9:51  Hatchery  
  189  9:53  Zerg Flyer Weapons Level 1  
  189  9:56  Baneling x9  
  189  9:57  Zergling x2  
  190  10:05  Hive  
  190  10:10  Spore Crawler  
  189  10:23  Zergling x2  
  189  10:24  Zergling x16  
  198  10:31  Pneumatized Carapace  
  198  10:33  Mutalisk  
  198  10:34  Overlord  
  198  10:36  Baneling  
  198  10:37  Baneling x19  
  198  10:38  Baneling  
  196  11:06  Drone x4  
  196  11:10  Baneling  
  196  11:11  Baneling x8  
  200  11:17  Zerg Ground Armor Level 3  
  200  11:18  Ultralisk Cavern  
  199  11:19  Zergling x2  
  199  11:24  Baneling x5  
  199  11:25  Baneling x7  
  200  11:29  Zergling x2  
  197  11:33  Zergling x2  
  197  11:34  Zergling x2  
  199  11:46  Baneling  
  199  11:47  Baneling x18  
  193  11:48  Zergling x2  
  193  11:49  Zergling x10  
  199  12:00  Spine Crawler  
  198  12:01  Extractor x2  
  198  12:02  Spine Crawler  
  193  12:12  Baneling x2  
  193  12:13  Baneling x9, Zergling x2  
  193  12:14  Zergling x12  
  200  12:18  Zergling x2  
  182  12:26  Zergling x36  
  182  12:27  Zergling x28  
  184  12:38  Chitinous Plating  
  184  12:43  Ultralisk  
  184  12:44  Ultralisk  
  177  12:48  Ultralisk x2, Zergling x22  
  177  12:49  Zergling x10  
  177  12:50  Zergling x16  
  177  12:51  Hatchery, Zergling x2  
  194  12:56  Ultralisk  
  199  13:08  Zerg Melee Weapons Level 3  
  199  13:12  Baneling x9  
  199  13:18  Baneling x6  
  199  13:24  Baneling  
  199  13:25  Baneling x5  
  199  13:38  Baneling x5  
  199  13:42  Baneling  
  199  13:43  Baneling x9  
  199  13:47  Zerg Flyer Armor Level 1  
  193  13:57  Drone x3  
  193  14:00  Spine Crawler  
  193  14:02  Ultralisk  
  197  14:13  Baneling x9  
  197  14:14  Baneling x8  
  197  14:24  Baneling  
  197  14:25  Baneling x8  
  197  14:26  Zergling x4  
  191  14:43  Ultralisk x2, Zergling x16  
  191  14:44  Zergling x42  
  178  15:03  Ultralisk x2, Zergling x12  
  194  15:09  Baneling  
  194  15:10  Baneling x9  
  194  15:12  Zergling x6  
  197  15:17  Drone x2  
  197  15:18  Drone  
  197  15:19  Baneling x7  
  197  15:20  Baneling  
  200  15:26  Baneling  
  200  15:27  Baneling x6  
  135  15:58  Ultralisk x3, Zergling x26  
  135  16:00  Zergling x2  
  135  16:01  Zergling x2  
  135  16:03  Zergling x4  
  153  16:11  Zergling x16  
  143  16:17  Zergling x6  
  133  16:26  Baneling  
  133  16:27  Baneling x5  
  133  16:30  Drone  
  133  16:32  Ultralisk  
  140  16:33  Spore Crawler, Ultralisk  
  140  16:38  Baneling  
  140  16:39  Baneling x10  
  145  16:41  Zergling x6  
  146  16:50  Corruptor  
  146  16:51  Corruptor x2  
  139  17:00  Ultralisk, Zergling x2  
  139  17:01  Zergling x4  
  131  17:04  Zergling x6  
  131  17:05  Zergling x2  
  132  17:10  Zergling x2  
Show
View Real Time Build Order
Export as new Build Order

ByuN Terran 

Build Orders: Reaper Expand, MMM Bio 

Get SALT Encoding   

  12  0:00  SCV  
  13  0:12  SCV  
  14  0:17  Supply Depot  
  14  0:24  SCV  
  15  0:39  SCV  
  15  0:40  Barracks  
  16  0:44  Refinery  
  16  0:51  SCV  
  17  1:03  SCV  
  18  1:15  SCV  
  19  1:27  Orbital Command, Reaper  
  20  1:40  Command Center  
  20  1:52  SCV  
  21  1:55  Supply Depot  
  21  1:59  Marine  
  22  2:04  Factory  
  22  2:09  SCV  
  22  2:13  Refinery  
  23  2:19  Bunker  
  23  2:22  Barracks Reactor  
  23  2:25  SCV  
  24  2:37  SCV  
  25  2:49  SCV  
  26  2:51  Starport  
  26  2:55  Orbital Command  
  26  2:57  Factory Tech Lab  
  26  2:58  Marine  
  27  3:00  Marine  
  27  3:01  SCV  
  29  3:14  SCV  
  29  3:16  Marine  
  29  3:17  Widow Mine  
  29  3:18  Marine  
  34  3:25  SCV  
  34  3:26  SCV  
  36  3:30  Medivac, Supply Depot  
  36  3:33  Marine  
  39  3:36  Marine  
  39  3:39  SCV  
  39  3:40  SCV  
  42  3:46  Siege Tank  
  45  3:51  SCV  
  45  3:52  SCV  
  47  3:56  Marine x2  
  47  4:00  Supply Depot  
  47  4:01  Medivac  
  51  4:04  SCV x2  
  53  4:16  Supply Depot  
  54  4:21  Siege Tank, Marine x2  
  58  4:27  SCV x2  
  60  4:32  Liberator  
  60  4:38  Command Center  
  60  4:39  SCV  
  60  4:40  SCV  
  60  4:44  Bunker  
  63  4:52  SCV x2  
  67  4:53  Marine x2  
  67  4:58  Supply Depot  
  69  5:04  SCV  
  70  5:12  Refinery  
  70  5:13  Refinery  
  70  5:15  Supply Depot  
  70  5:20  SCV x2  
  72  5:22  Barracks  
  72  5:26  Barracks  
  72  5:32  SCV x2  
  72  5:33  Factory Reactor  
  72  5:34  Engineering Bay  
  72  5:35  Marine, Engineering Bay  
  75  5:36  Stimpack  
  75  5:37  Starport Reactor  
  75  5:38  Supply Depot  
  75  5:44  SCV x2  
  77  5:51  Supply Depot  
  77  5:54  Marine  
  77  5:56  SCV x2  
  77  5:57  Orbital Command  
  79  6:08  SCV  
  81  6:12  Marine  
  81  6:17  Medivac x2  
  74  6:18  Terran Infantry Weapons Level 1  
  74  6:19  Terran Infantry Armor Level 1  
  74  6:21  Marine  
  74  6:22  Marine, Factory Reactor  
  76  6:27  Orbital Command  
  76  6:29  Marine x2  
  76  6:30  Marine  
  79  6:34  SCV x2  
  79  6:39  Marine x2  
  82  6:43  Armory  
  82  6:45  Barracks x2  
  82  6:46  Marine  
  82  6:47  Marine  
  83  6:48  Marine  
  83  6:49  Medivac  
  83  6:51  SCV  
  83  6:52  SCV  
  83  6:53  SCV  
  91  6:57  Marine x2  
  93  7:03  SCV  
  93  7:04  Marine x2, SCV  
  93  7:05  SCV, Marine  
  93  7:06  Supply Depot  
  93  7:07  Supply Depot  
  99  7:14  Supply Depot  
  99  7:15  SCV, Marine x2  
  102  7:16  SCV  
  102  7:17  SCV  
  102  7:21  Widow Mine x2  
  102  7:22  Marine x2  
  109  7:23  Marine  
  109  7:27  Supply Depot  
  111  7:30  Liberator  
  111  7:31  Liberator, Supply Depot  
  111  7:33  Marine x2  
  111  7:34  Barracks Reactor  
  111  7:36  Barracks Reactor  
  115  7:37  SCV x3  
  115  7:38  Refinery, Supply Depot  
  115  7:40  Marine x2  
  118  7:44  Marine  
  118  7:50  Marine, Combat Shields  
  118  7:51  Marine  
  127  7:58  Marine x2  
  127  8:02  Marine  
  127  8:04  Factory, Supply Depot x2  
  127  8:05  Widow Mine x2  
  130  8:08  Marine x2  
  130  8:10  Marine x2  
  130  8:12  Marine x2  
  136  8:14  Terran Infantry Armor Level 2  
  136  8:16  Marine x2  
  136  8:19  SCV x3  
  143  8:20  Marine  
  143  8:26  Marine x2  
  146  8:28  Marine x2  
  146  8:31  Marine x2  
  146  8:33  Marine x2  
  152  8:38  Marine  
  152  8:40  Medivac x2  
  157  8:44  Marine x2  
  157  8:46  Marine x2  
  157  8:47  Terran Vehicle And Ship Armor Level 1, Supply Depot  
  161  8:48  Terran Infantry Weapons Level 2  
  161  8:49  Marine x2  
  161  8:51  Marine x2  
  165  8:55  Marine  
  165  9:00  Factory Tech Lab  
  165  9:02  Marine x2  
  152  9:03  Widow Mine x2  
  152  9:04  Marine x2  
  152  9:06  Marine  
  159  9:14  Marauder, Medivac x2  
  159  9:15  Marine x2  
  164  9:28  Command Center  
  155  9:33  Widow Mine x2  
  155  9:34  Thor  
  155  9:35  Marauder  
  167  9:41  Marine x3, Missile Turret  
  167  9:42  Marine x2, Missile Turret  
  167  9:43  Marine x2  
  164  9:52  Supply Depot  
  164  9:54  Supply Depot  
  164  9:56  Marauder  
  166  10:03  Marine x6  
  166  10:04  Marine  
  166  10:06  Widow Mine x2  
  177  10:12  Missile Turret  
  177  10:13  Medivac x2  
  181  10:18  Marauder  
  181  10:20  Thor  
  189  10:25  Missile Turret  
  183  10:29  Marine x6  
  183  10:34  Widow Mine x2  
  190  10:39  Marauder  
  190  10:40  Planetary Fortress  
  190  10:42  Missile Turret  
  192  10:54  Marine x7  
  199  10:58  Barracks  
  199  11:01  Barracks  
  196  11:04  Barracks  
  196  11:06  Terran Vehicle And Ship Armor Level 2  
  196  11:09  Hellbat  
  196  11:10  Widow Mine  
  200  11:14  Terran Infantry Weapons Level 3  
  200  11:22  Concussive Shells  
  197  11:35  Marine  
  197  11:36  Marine x2  
  200  11:44  Terran Infantry Armor Level 3  
  197  11:52  Supply Depot  
  197  11:54  Supply Depot  
  197  11:55  Barracks Tech Lab  
  197  11:56  Barracks Tech Lab  
  197  11:57  Barracks Tech Lab  
  197  11:59  Command Center  
  197  12:02  Liberator x2, Command Center  
  197  12:07  Marine  
  196  12:13  Widow Mine x2  
  200  12:19  Marauder, Marine  
  200  12:20  Command Center  
  187  12:25  Marine x2  
  187  12:26  Marine  
  187  12:27  Marauder x2  
  187  12:29  Marine  
  163  12:31  Marine  
  163  12:32  Marine x2  
  163  12:33  Marine  
  163  12:35  Widow Mine  
  161  12:37  Marine  
  161  12:40  Marauder  
  161  12:43  Marine x2  
  161  12:44  Marine  
  144  12:48  Marauder, Marine  
  144  12:49  Marauder, Marine  
  133  12:51  Marauder, Marine  
  133  12:52  Marine  
  133  12:55  Marine  
  134  13:00  Marine  
  134  13:01  Marauder  
  134  13:03  Marine x2, Unknown x4  
  134  13:04  Unknown  
  131  13:06  Marine  
  131  13:07  Marine  
  131  13:10  Marauder, Marine  
  131  13:11  Marine x2  
  138  13:13  Marauder, Marine  
  138  13:14  Orbital Command  
  138  13:18  Marine  
  138  13:23  Liberator x2  
  138  13:25  Marine x4  
  142  13:27  Unknown x3  
  142  13:30  Missile Turret  
  142  13:33  Missile Turret  
  144  13:34  Marauder x2, Marine x5  
  144  13:38  Widow Mine x2  
  161  13:43  Starport  
  161  13:46  Planetary Fortress  
  161  13:51  Widow Mine  
  161  13:52  Orbital Command  
  161  13:56  Terran Ship Weapons Level 1  
  161  13:57  Starport  
  161  14:00  Refinery x2  
  155  14:10  Liberator, Widow Mine x2  
  155  14:14  Sensor Tower  
  159  14:20  Widow Mine, Missile Turret  
  158  14:26  Marauder, Barracks Tech Lab  
  158  14:27  Marauder x3  
  169  14:36  Liberator x2  
  164  14:40  Orbital Command  
  164  14:41  Marine  
  164  14:42  Marine x2  
  125  14:47  Marauder  
  125  14:48  Marauder x3, Marine x4  
  125  14:52  Widow Mine x2  
  130  14:59  Marine  
  135  15:00  Marine x2  
  135  15:04  Medivac  
  135  15:06  Marine x2  
  139  15:07  Unknown  
  139  15:08  Unknown  
  139  15:09  Marauder x2  
  139  15:12  Liberator x2  
  143  15:15  SCV x3  
  143  15:17  SCV  
  143  15:18  Marine x6  
  143  15:19  Marine  
  154  15:30  Widow Mine x2  
  154  15:32  Marine x4  
  168  15:36  Marine x3  
  168  15:38  Marine  
  168  15:39  Marine x3, Refinery  
  171  15:48  Liberator  
  132  15:50  Marauder, Marine x3  
  132  15:54  Marine x3  
  132  15:56  Marine  
  132  15:57  Marauder, Marine  
  115  16:01  Marauder  
  113  16:07  Marine  
  113  16:08  Marauder, Marine  
  102  16:17  Marauder x2, Marine  
  102  16:18  Marine x3  
  95  16:19  SCV  
  95  16:20  Marine  
  95  16:22  Marine  
  95  16:23  Orbital Command  
  95  16:25  Marine  
  91  16:27  SCV  
  91  16:28  SCV x2  
  91  16:31  SCV  
  96  16:33  Marine  
  96  16:38  Marine x2  
  96  16:39  SCV  
  100  16:40  SCV  
  100  16:41  Marine  
  100  16:45  Marine x2  
  104  16:47  Marine  
  98  16:55  Marine  
  98  16:56  Marine x3  
  98  16:58  Marine  
  98  17:00  Marine  
  80  17:01  Marine  
  80  17:04  Marine  
  80  17:09  Marine  
  81  17:18  Marine x2  
  81  17:20  Marine  
  74  17:23  Marine x2  
Tags
 
Add a new tag
Caveats
  • Supply blocks, unpowered buildings, or Contaminate may cause inaccurate times.
  • Supply counts are checked every 10 seconds.